AoeStats
← Royal Yakuza

Arena

510112320Analyzed
3v3 RM · 4d ago on Sep 29, 2026· 54m 20s· 6 players
Game mode
Random Map
Map size
Normal (6 player)
Population
200
Speed
Normal
Resources
Standard
Victory
Conquest
Starting age
Dark Age
Ending age
Imperial Age
RankedLock teamsTeams togetherTeam positionsShared explorationLock speedFull tech treeHidden civsTurbo modeCheats
Victory
Defeat
🇧🇪 Varangians · Belgium
1322
+14
🇩🇪 Spanish · Germany
1250
+17
🇧🇷 Cumans · Brazil
1209
+18
🇹🇼 Poles · Taiwan
1291
-17
🇹🇼 Japanese · Taiwan
1274
-17
🇹🇼 Spanish · Taiwan
1232
-15
王先生
10:32 Feudal Age
11:27 Double-Bit Axe
11:27 Horse Collar
11:48 Double-Bit Axe
14:15 Castle Age
15:13 Heavy Plow
15:28 Bow Saw
20:42 Stone Mining
22:53 Wheelbarrow
22:05 Loom
22:06 Town Watch
23:26 Fortified Wall
22:58 Treadmill Crane
28:02 Imperial Age
25:56 Bloodlines
25:47 Husbandry
27:25 Szlachta Privileges
27:53 Scale Barding Armor
28:13 Cavalier
31:10 Conscription
31:34 Chain Barding Armor
33:38 Chemistry
36:19 Hoardings
36:09 Lechitic Legacy
35:43 Light Cavalry
37:27 Forging
37:50 Crop Rotation
37:34 Winged Hussar
40:14 Iron Casting
39:31 Fletching
39:53 Masonry
45:41 Gold Mining
46:29 Stone Shaft Mining
47:00 Blast Furnace
46:38 Stone Shaft Mining
47:30 Coinage
53:27 Hand Cart
李大爺
10:48 Feudal Age
12:39 Double-Bit Axe
15:24 Castle Age
13:32 Gold Mining
15:02 Horse Collar
16:36 Loom
16:49 Fletching
26:58 Imperial Age
25:08 Wheelbarrow
25:03 Bow Saw
25:32 Bodkin Arrow
26:39 Padded Archer Armor
33:18 Bracer
33:34 Crossbowman
35:08 Ballistics
36:10 Arbalester
38:55 Gold Shaft Mining
43:02 Leather Archer Armor
46:37 Thumb Ring
48:21 Ring Archer Armor
南港包大爺
10:19 Feudal Age
8:34 Loom
14:59 Castle Age
13:12 Double-Bit Axe
13:21 Horse Collar
18:18 Bow Saw
21:40 Bloodlines
22:52 Heavy Plow
23:39 Padded Archer Armor
29:18 Imperial Age
27:00 Gold Mining
27:21 Squires
27:24 Husbandry
27:29 Scale Mail Armor
27:40 Forging
27:40 Pikeman
30:09 Gambesons
31:10 Chain Mail Armor
31:30 Iron Casting
39:51 Halberdier
51:17 Fletching
51:43 Leather Archer Armor
51:29 Elite Skirmisher
52:15 Thumb Ring
53:27 Chemistry
53:11 Bodkin Arrow
53:47 Ring Archer Armor
54:36 Two-Man Saw
54:17 Bracer
TisButAScratch
10:18 Feudal Age
8:39 Loom
15:01 Castle Age
12:55 Double-Bit Axe
16:58 Bow Saw
16:34 Horse Collar
26:09 Imperial Age
25:08 Padded Archer Armor
26:17 Gold Mining
27:29 Bloodlines
27:28 Husbandry
30:26 Wheelbarrow
30:30 Stone Mining
32:36 Conscription
32:59 Hand Cart
32:30 Town Watch
35:39 Pikeman
36:19 Squires
37:48 Leather Archer Armor
37:43 Forging
37:34 Scale Mail Armor
37:02 Halberdier
37:28 Arson
42:08 Supremacy
41:14 Elite Conquistador
46:31 Chemistry
45:51 Ballistics
45:43 Fortified Wall
45:28 Murder Holes
46:36 Ring Archer Armor
45:57 Fletching
46:21 Fletching
49:04 Stone Shaft Mining
48:57 Chain Mail Armor
49:18 Iron Casting
Royal Yakuza
11:06 Feudal Age
12:47 Double-Bit Axe
15:07 Castle Age
13:44 Horse Collar
14:53 Loom
15:27 Loom
17:48 Bow Saw
22:46 Stone Mining
23:08 Heavy Plow
23:33 Fletching
27:05 Gold Mining
28:11 Wheelbarrow
33:47 Imperial Age
31:45 Fortified Wall
32:08 Hand Cart
31:39 Town Watch
32:45 Stone Shaft Mining
32:30 Scale Barding Armor
33:07 Forging
33:48 Chain Barding Armor
34:01 Masonry
35:03 Iron Casting
33:50 Elite Jarl
35:13 Crop Rotation
34:47 Bodkin Arrow
37:03 Bracer
39:30 Guilds
40:25 Blast Furnace
40:02 Plate Barding Armor
39:46 Bloodlines
39:37 Husbandry
40:48 Two-Man Saw
41:39 Architecture
43:21 Scale Mail Armor
43:57 Siege Engineers
44:31 Chain Mail Armor
44:29 Treadmill Crane
45:28 Conscription
54:35 Plate Mail Armor
Thiers1789
5:58 Loom
9:02 Feudal Age
16:53 Double-Bit Axe
17:35 Horse Collar
23:33 Castle Age
22:30 Bloodlines
22:44 Forging
22:40 Scale Barding Armor
22:47 Gold Mining
26:12 Capped Ram
27:40 Bow Saw
31:33 Pikeman
32:14 Squires
33:00 Wheelbarrow
32:12 Town Watch
33:51 Iron Casting
33:16 Scale Mail Armor
33:07 Fletching
33:26 Heavy Plow
34:14 Gold Shaft Mining
33:50 Stone Mining
37:40 Imperial Age
35:57 Chain Mail Armor
37:45 Halberdier
41:40 Hand Cart
42:23 Conscription
42:39 Hoardings
42:08 Cavalier
44:49 Blast Furnace
44:10 Chain Barding Armor
44:53 Chemistry
44:14 Ballistics
45:12 Crop Rotation
44:47 Siege Ram
46:53 Two-Man Saw
48:11 Plate Barding Armor
48:39 Paladin
51:43 Bodkin Arrow
51:46 Murder Holes
52:01 Masonry
Connection lost

Rejoining the realm…

Still unreachable

The connection could not be restored.

Session expired

The server has moved on; the page needs a fresh start.